 Dungeon Crawl Stone Soup version 0.30-b1-2-g02819fbbbe (webtiles) character file.

Game seed: 4648484720915170479

5592 Alarkh the Dancer (level 10, -2/89 HPs)
             Began as a Demonspawn Artificer on Dec 4, 2023.
             Was a Follower of Uskayaw.
             Slain by a troll (4 damage)
             ... on level 9 of the Dungeon.
             The game lasted 00:16:43 (9475 turns).

Alarkh the Dancer (Demonspawn Artificer)            Turns: 9475, Time: 00:16:44

Health: -2/89      AC:  8    Str: 12    XL:     10   Next: 45%
Magic:  19/19      EV: 10    Int: 17    God:    Uskayaw [*.....]
Gold:   551        SH:  5    Dex: 14    Spells: 9/9 levels left

rFire   . . .        a - +1 dagger (venom)
rCold   . . .        (no shield)
rNeg    . . .        j - +0 ring mail
rPois   .            (no helmet)
rElec   .            x - +0 cloak
rCorr   .            y - +0 pair of gloves
SInv    .            H - +0 pair of boots
Will    .....        k - amulet of reflection
Stlth   +            (no ring)
HPRegen 0.34/turn    (no ring)
MPRegen 0.16/turn

%: reflection
@: no status effects
A: demonic guardian 2, weakness stinger 1
a: Renounce Religion, Stomp


You were on level 9 of the Dungeon.
You worshipped Uskayaw.
Uskayaw was pleased with you.
You visited 2 branches of the dungeon, and saw 10 of its levels.
You also visited: Ossuary.

You collected 551 gold pieces.

Inventory:

Hand Weapons
 a - a +1 dagger of venom (weapon)
 B - a +0 short sword
 F - a +3 trident
 G - a +3 mace of protection
Missiles
 I - a throwing net
Armour
 j - a +0 ring mail (worn)
 x - a +0 cloak (worn)
 y - a +0 pair of gloves (worn)
 H - a +0 pair of boots (worn)
Magical Staves
 b - a staff of conjuration
Jewellery
 k - an amulet of reflection (around neck)
 p - an amulet of the acrobat
Wands
 d - a wand of charming (16)
Scrolls
 g - 4 scrolls of teleportation
 h - a scroll of enchant weapon
 i - 2 scrolls of fog
 o - a scroll of poison
 r - 3 scrolls of identify
 w - a scroll of butterflies
 z - a scroll of immolation
 C - a scroll of amnesia
 E - a scroll of magic mapping
Potions
 c - a potion of heal wounds
 e - a potion of haste
 f - 2 potions of ambrosia
 l - 2 potions of flight
 m - 4 potions of curing
 n - 2 potions of magic
 q - 3 potions of attraction
 s - a potion of brilliance {unknown}
 t - a potion of cancellation {unknown}
 u - 3 potions of degeneration
 v - a potion of mutation
 A - a potion of berserk rage
 D - 3 potions of lignification


   Skills:
 - Level 11.7 Fighting
 * Level 2.6 Staves
 - Level 1.7 Armour
 - Level 0.8 Dodging
 - Level 0.8 Stealth
 + Level 1.9 Conjurations
 - Level 12.2 Invocations
 + Level 3.7 Evocations


You had 9 spell levels left.
You didn't know any spells.
Your spell library contained the following spells:

 Spells                   Type           Power      Damage    Failure   Level
 Sandblast                Erth           0%         2d4       45%         1
 Ensorcelled Hibernation  Hex/Ice        0%         N/A       61%         2
 Passwall                 Tmut/Erth      0%         N/A       61%         2
 Sublimation of Blood     Necr           0%         N/A       61%         2
 Wereblood                Tmut           0%         N/A       61%         2
 Stone Arrow              Conj/Erth      6%         3d7       71%         3
 Swiftness                Air            0%         N/A       83%         3
 Tukima's Dance           Hex            0%         N/A       83%         3
 Vhi's Electric Charge    Tloc/Air       0%         N/A       83%         3
 Passage of Golubria      Tloc           0%         N/A       99%         4
 Arcjolt                  Conj/Air       1%         1d11      100%        5
 Yara's Violent Unravell  Hex/Tmut       0%         3d3       100%        5
 Summon Hydra             Summ           0%         N/A       100%        7
 Maxwell's Capacitive Co  Air            0%         ∞         100%        8


Dungeon Overview and Level Annotations

Branches:
Dungeon (9/15)             Temple (1/1) D:4            Lair (0/5) D:8
Ossuary (visited)
    Orc: D:9-12

Altars:
Ashenzari
Cheibriados
Dithmenos
Fedhas
Gozag
Hepliaklqana
Kikubaaqudgha
Makhleb
Okawaru
Qazlal
Ru
Sif Muna
Trog
Uskayaw
Vehumet
Wu Jian
Xom
Yredelemnul

Shops:
D:4 :   D:6 (   D:7 (


Innate Abilities, Weirdness & Mutations

A demonic guardian rushes to your aid.
You have a small tail.


Message History

You hit the troll.
The troll is lightly wounded.
You block the troll's attack. The troll completely misses you.
The troll misses you.
You barely miss the troll.
The troll is lightly wounded.
The troll barely misses you. x2; The troll claws you but does no damage.
You closely miss the troll.
Your tail-slap misses the troll.
The troll is lightly wounded.
The troll completely misses you. The troll claws you. x2
You closely miss the troll.
The troll is lightly wounded.
The troll bites you! The troll closely misses you. The troll claws you.
You hit the troll.
The troll is poisoned.
You tail-slap the troll.
The troll is lightly wounded.
The troll bites you! The troll claws you! The troll claws you.
You hit the troll.
The troll is lightly wounded.
The troll bites you! You block the troll's attack. The troll barely misses you.
You are too injured to fight recklessly!
You are too injured to fight recklessly!
You are too injured to fight recklessly!
You hit the troll but do no damage.
The troll looks even sicker.
The troll is moderately wounded.
The troll closely misses you. The troll claws you!
The troll claws you but does no damage.
You hit the troll.
The troll looks as sick as possible!
The troll is moderately wounded.
The troll closely misses you. The troll claws you!
* * * LOW HITPOINT WARNING * * *
The troll claws you.
* * * LOW HITPOINT WARNING * * *
You hit the troll.
The troll looks as sick as possible!
The troll is moderately wounded.
The troll bites you!
* * * LOW HITPOINT WARNING * * *
A demonic guardian appears!
The troll claws you.
* * * LOW HITPOINT WARNING * * *
The troll claws you.
You die...

#...#..............#
##...#..............#.
#....#.....<........#.
###....###'#....###.##
#....#...'....#....# #######
#....#...#....#....#
#.....####....##'##....#....#
###'###.....##T##........#....#
#≈≈.§≈#.....#.@.#........#..#..
#§..§§#.....#4..#....#####..##.
#§..§§#.....'...#.... ...).....
#≈...§#.....#...#.... .........
###≈#.#≈######....#....
####.....
≈§§§#.#≈≈≈§§§########+ #.....
§§##...##..§≈ #.....
...........§≈ #.....
..##...##...§ ##..#.


You could see a troll (extremely poisoned, ally target) and a friendly orange
demon (summoned).

Vanquished Creatures
  3 death yaks (D:8)
  A shadow (D:9)
  2 water moccasins (D:6)
  2 ice beasts
  3 sky beasts
  2 black bears (D:5)
  A centaur (D:8)
  A phantom (D:5)
  2 bullfrogs
  4 scorpions
  2 water moccasin zombies (Ossuary)
  A wight (Ossuary)
  3 killer bees (D:8)
  A howler monkey (D:6)
  A human zombie (Ossuary)
  2 hounds (D:5)
  A jelly (D:4)
  3 centaur zombies (Ossuary)
  4 orc priests
  3 gnoll boudas
  3 iguanas
  Natasha (thrice) (D:2)
  9 orc wizards
  2 scorpion zombies (Ossuary)
  15 gnolls
  6 adders
  2 river rats (D:8)
  2 shadow imps
  A white imp (D:7)
  An ufetubus (D:6)
  3 adder zombies (Ossuary)
  2 worms
  3 dart slugs
  27 orcs
  4 bats
  5 endoplasms
  5 giant cockroaches
  5 gnoll zombies (Ossuary)
  6 goblins
  2 hobgoblins (D:1)
  3 kobolds
  5 quokkas
  3 ball pythons
  2 frilled lizards
  4 goblin zombies (Ossuary)
  3 hobgoblin zombies (Ossuary)
  5 orc zombies (Ossuary)
  3 rats
176 creatures vanquished.

Vanquished Creatures (collateral kills)
  A two-headed ogre (D:9)
  A centaur (D:6)
  A bullfrog (D:6)
  A scorpion (D:5)
  5 gnolls
  2 river rats (D:8)
  A white imp (D:6)
  3 orcs
  A quokka (D:8)
16 creatures vanquished.

Vanquished Creatures (others)
  A troll (D:9)
  2 yaks (D:9)
  A gnoll sergeant (D:8)
4 creatures vanquished.

Grand Total: 196 creatures vanquished

Notes
Turn   | Place    | Note
-------+----------+-------------------------------------------
     0 | D:1      | Alarkh the Demonspawn Artificer began the quest for the
                  | Orb.
     0 | D:1      | Reached XP level 1. HP: 15/15 MP: 1/1
   214 | D:1      | Gained mutation: You have a small tail. [demonic ancestry]
   214 | D:1      | Reached XP level 2. HP: 14/22 MP: 2/2
   558 | D:1      | Found a faded altar of an unknown god.
   982 | D:2      | Noticed Natasha
   986 | D:2      | Killed Natasha
   987 | D:2      | Reached XP level 3. HP: 29/29 MP: 3/3
  1099 | D:2      | Noticed Natasha
  1108 | D:2      | Killed Natasha
  1109 | D:2      | Reached XP level 4. HP: 37/37 MP: 4/4
  1121 | D:2      | Noticed Natasha
  1159 | D:2      | Killed Natasha
  1503 | D:3      | Identified the +2 leather armour of Tenacity {Harm *Slow
                  | rElec Will-}
  2005 | D:4      | Noticed an ice beast
  2011 | D:4      | Killed an ice beast
  2012 | D:4      | Reached skill level 5 in Fighting
  2012 | D:4      | Gained mutation: A weak demonic guardian rushes to your
                  | aid. [demonic ancestry]
  2012 | D:4      | Reached XP level 5. HP: 46/46 MP: 5/5
  2187 | D:4      | Gained mutation: A demonic guardian rushes to your aid.
                  | [demonic ancestry]
  2187 | D:4      | Reached XP level 6. HP: 47/52 MP: 6/6
  2472 | D:4      | Found Ylitsuam's Book Shop.
  2564 | D:4      | Found a staircase to the Ecumenical Temple.
  2576 | Temple   | Entered the Ecumenical Temple
  3013 | Temple   | Became a worshipper of Uskayaw the Reveller
  3052 | D:4      | Reached * piety under Uskayaw
  3528 | D:4      | Reached ** piety under Uskayaw
  3532 | D:4      | Reached *** piety under Uskayaw
  3561 | D:5      | Entered Level 5 of the Dungeon
  3578 | D:5      | Reached skill level 1 in Invocations
  3620 | D:5      | Reached skill level 2 in Invocations
  3620 | D:5      | Reached XP level 7. HP: 50/60 MP: 8/8
  3675 | D:5      | Reached skill level 3 in Invocations
  3807 | D:5      | Reached skill level 4 in Invocations
  3988 | D:5      | Found a sand-covered staircase.
  3993 | Ossuary  | Entered an ossuary
  4074 | Ossuary  | Reached skill level 5 in Invocations
  4161 | Ossuary  | Reached XP level 8. HP: 62/68 MP: 12/12
  4212 | Ossuary  | Reached skill level 6 in Invocations
  4263 | Ossuary  | Noticed a silent spectre
  5098 | D:6      | Reached skill level 7 in Invocations
  5397 | D:6      | Found Ejetuul's Weapon Boutique.
  5908 | D:6      | Reached skill level 8 in Invocations
  6383 | D:6      | Reached XP level 9. HP: 71/78 MP: 15/15
  6399 | D:6      | Reached skill level 9 in Invocations
  6987 | D:7      | Reached skill level 10 in Fighting
  7284 | D:7      | Found Xyfous's Antique Weapon Shoppe.
  7916 | D:8      | Reached skill level 10 in Invocations
  8119 | D:8      | Noticed a death yak
  8165 | D:8      | Noticed a death yak
  8166 | D:8      | Noticed a death yak
  8195 | D:8      | Reached **** piety under Uskayaw
  8196 | D:8      | Killed a death yak
  8197 | D:8      | Reached skill level 11 in Invocations
  8200 | D:8      | Killed a death yak
  8201 | D:8      | Reached XP level 10. HP: 70/88 MP: 18/18
  8203 | D:8      | Killed a death yak
  8203 | D:8      | Reached ***** piety under Uskayaw
  8204 | D:8      | Reached skill level 12 in Invocations
  8622 | D:8      | Found a staircase to the Lair.
  8910 | D:9      | Noticed a two-headed ogre
  8930 | D:9      | HP: 4/89 [troll (12)]
  8930 | D:9      | HP: 1/89 [troll (3)]
  8937 | D:9      | Killed a two-headed ogre
  8938 | D:9      | Reached skill level 1 in Conjurations
  8985 | D:9      | HP: 4/89 [troll (5)]
  9475 | D:9      | HP: 2/89 [troll (4)]
  9475 | D:9      | Slain by a troll

Illustrated notes

Levels and vault maps discovered:
D:1:      minmay_arrival_stair_chambers, layout_loops_cross,
          basic_ecumenical_altar, minmay_domino_4
D:2:      layout_rooms, uniq_natasha
D:3:      layout_rooms
D:4:      layout_gridville, temple_doors_e, serial_shops, shop
D:5:      layout_gridville, nicolae_ossuary_entry_false_entrances
D:6:      layout_loops_corners, serial_shops, kennysheep_mini_moat
D:7:      layout_loops_ring, serial_shops,
          nicolae_shop_competitors_out_of_business
D:8:      layout_basic, dpeg_lair_monsters
D:9:      layout_gridville, mainiacjoe_overflow_surrounded_room,
          grunt_decor_junction, kennysheep_minor_cross,
          minmay_misc_feat_ornament, uniq_maggie
Temple:   mainiacjoe_temple_big_plus

Skill      XL: |  1  2  3  4  5  6  7  8  9 10 |
---------------+-------------------------------+-----
Fighting       | 2 3 4 5 6 7 8 9 11 | 11.7
Invocations    | 2 5 8 11 12 | 12.2
Staves         | 2 |  2.6
Conjurations   | 1 |  1.9
Armour         | |  1.7
Dodging        | |  0.8
Stealth        | |  0.8
Evocations     | |  3.7

Action                     |  1- 3 |  4- 6 |  7- 9 | 10-12 || total
---------------------------+-------+-------+-------+-------++-------
  Melee: Club              |    55 |       |       |       ||    55
         Punch             |     3 |     4 |     7 |     1 ||    15
         Short sword       |    40 |   104 |       |       ||   144
         Tailslap          |     9 |    24 |    78 |    16 ||   127
         Mace              |       |    31 |   201 |       ||   232
         Dagger            |       |       |   300 |    99 ||   399
  Evoke: Wand              |     7 |    19 |     7 |     9 ||    42
    Use: Scroll            |       |     9 |    12 |     3 ||    24
         Potion            |       |       |     6 |     3 ||     9
   Stab: Sleeping          |     1 |       |       |       ||     1
         Paralysed         |       |     1 |    13 |       ||    14
         Invisible         |       |       |     3 |       ||     3
 Armour: Leather armour    |    24 |       |       |       ||    24
         Ring mail         |    15 |    37 |   284 |    36 ||   372
  Dodge: Dodged            |    71 |    64 |   282 |    55 ||   472
  Block: Other             |       |    28 |   144 |    23 ||   195
         Reflection        |       |       |     3 |     1 ||     4
